 Dungeon Crawl Stone Soup version 0.23-a0-451-g1044d4c (webtiles) character file.

4709 OddJob the Grappler (level 10, 0/91 HPs)
             Began as a Troll Venom Mage on Nov 22, 2018.
             Was an Elder of Elyvilon.
             Slain by an orc
             ... wielding a +0 spear
              (2 damage)
             ... in a bailey.
             The game lasted 00:25:44 (7175 turns).

OddJob the Grappler (Troll Venom Mage)              Turns: 7175, Time: 00:25:45

Health: 0/91       AC:  6    Str: 19    XL:     10   Next: 22%
Magic:  14/14      EV: 10    Int: 13    God:    Elyvilon [****..]
Gold:   519        SH:  0    Dex: 10    Spells: 13/16 levels left

rFire    . . .     SeeInvis .     - Unarmed
rCold    . . .     Gourm    +   (no shield)
rNeg     . . .     Faith    .   a - +0 robe
rPois    .         Spirit   .   (helmet restricted)
rElec    .         Reflect  .   F - +0 cloak
rCorr    .         Harm     .   (gloves unavailable)
MR       .....                  (boots unavailable)
Stlth    +++.......             (no amulet)
HPRegen  0.65/turn              s - ring of stealth
MPRegen  0.14/turn              k - ring of stealth

@: hasted, very quick
A: large, unfitting armour, claws 3, fast metabolism 3, gourmand, regeneration
1, shaggy fur 1, tough skin 2
a: Lesser Healing, Heal Other, Purification, Greater Healing, Divine Protection,
Renounce Religion


You were in a bailey.
You worshipped Elyvilon.
Elyvilon was greatly pleased with you.
You were very full.

You visited 2 branches of the dungeon, and saw 9 of its levels.
You also visited: Ossuary and Bailey.

You collected 519 gold pieces.

Inventory:

Hand Weapons
 w - a +0 halberd
 E - a +1 spear
Missiles
 h - 36 sling bullets
 r - 13 tomahawks
 H - 2 javelins (quivered)
Armour
 a - a +0 robe (worn)
 F - a +0 cloak (worn)
Jewellery
 k - a ring of stealth (right claw)
 q - an uncursed ring of protection from cold
 s - a ring of stealth (left claw)
 y - an uncursed ring of poison resistance
Wands
 J - a wand of flame (23)
Scrolls
 e - 7 scrolls of remove curse
 j - 3 scrolls of fear
 l - a scroll of enchant weapon
 p - a scroll of teleportation
 D - a scroll of blinking {unknown}
Potions
 b - 3 potions of heal wounds
 d - a potion of agility
 g - a potion of might
 i - 5 potions of flight
 m - 4 potions of curing
 n - a potion of cancellation {unknown}
 o - 2 potions of haste
 t - a potion of ambrosia {unknown}
 u - 2 potions of brilliance {unknown}
 v - a potion of invisibility {unknown}
 x - a potion of resistance {unknown}
 z - a potion of berserk rage {unknown}
 A - 2 potions of magic
 C - a potion of lignification {unknown}
 G - a potion of mutation {unknown}
 I - 2 potions of degeneration {unknown}
Comestibles
 c - 20 rations
 K - 9 chunks of flesh


   Skills:
 + Level 3.0 Fighting
 - Level 0.2 Throwing
 - Level 1.5 Dodging
 - Level 1.0 Stealth
 + Level 10.7 Unarmed Combat
 * Level 3.8 Spellcasting
 - Level 0.6 Conjurations
 - Level 3.0 Air Magic
 * Level 5.1 Poison Magic


You had 13 spell levels left.
You knew the following spells:

 Your Spells              Type           Power        Failure   Level  Hunger
a - Sting                 Conj/Pois      #...         7%          1    None
b - Poisonous Vapours     Pois/Air       ##....       6%          2    ##.....

Your spell library contained the following spells:

 Spells                   Type           Power        Failure   Level  Hunger
 Mephitic Cloud           Conj/Pois/Air  ##......     19%         3    ###....
 Beastly Appendage        Tmut           #.....       22%         1    None
 Spider Form              Tmut/Pois      #.........   22%         3    ###....
 Olgreb's Toxic Radiance  Pois           ###.....     26%         4    ####...
 Sticks to Snakes         Tmut           #.......     32%         2    ##.....
 Venom Bolt               Conj/Pois      #.........   88%         5    ######.
 Ice Form                 Ice/Tmut       #.......     91%         4    ####...
 Blade Hands              Tmut           #.........   99%         5    ######.


Dungeon Overview and Level Annotations

Branches:
Dungeon (8/15)             Temple (1/1) D:4
   Lair: D:8-11

Altars:
Ashenzari
Elyvilon
Nemelex Xobeh
Okawaru
Qazlal
Trog
Vehumet
Wu Jian
Xom

Shops:
D:5 %

Annotations:
D:4 exclusion: statue
D:6 exclusion: downstairs


Innate Abilities, Weirdness & Mutations

You are too large for most types of armour.
You have claws for hands.
Your metabolism is lightning-fast.
You like to eat raw meat.
Your natural rate of healing is unusually fast.
You are covered in fur. (AC +1)
You have very tough skin. (AC +2)


Message History

* * * LOW HITPOINT WARNING * * *
You feel much better. The orc closely misses you. x2
The orc hits you but does no damage. The orc hits you with a +0 halberd!
* * * LOW HITPOINT WARNING * * *
The orc hits you but does no damage. The orc barely misses you.
You mangle the orc!!
You kill the orc!
The orc hits you but does no damage.
You claw the orc!
You kill the orc!
The orc hits you with a +0 hand axe.
* * * LOW HITPOINT WARNING * * *
The orc hits you from afar with a +0 halberd!
* * * LOW HITPOINT WARNING * * *
The orc closely misses you.
The orc hits you from afar with a +0 trident.
* * * LOW HITPOINT WARNING * * *
The orc barely misses you.
The orc hits you from afar with a +0 spear.
You die...

############
##.∩........##
#......))....#
#......@o....#
#?.....ooo...'.
#.....)oo....#.
#............#
##.∩........##
############


You could see 6 orcs.

Vanquished Creatures
  Joseph (D:7)
  4 yaks (D:8)
  A steam dragon (D:8)
  A hungry ghost (D:8)
  A black bear (D:7)
  2 phantoms (D:8)
  5 sky beasts
  A necrophage (D:7)
  4 orc warriors
  An ogre (D:6)
  4 centaurs
  4 bullfrogs
  4 water moccasin zombies (Ossuary)
  2 wyvern skeletons
  A scorpion (D:7)
  4 killer bees (D:7)
  4 wights (D:6)
  4 crimson imps
  2 centaur zombies (D:6)
  A hound (D:5)
  A bullfrog zombie (D:8)
  Crazy Yiuf (D:5)
  3 orc priests
  2 orc wizards
  A bullfrog skeleton (D:7)
  3 iguanas
  5 worker ants
  3 big kobold zombies (Ossuary)
  2 mummies (Ossuary)
  A howler monkey skeleton (D:7)
  A worker ant zombie (D:6)
  6 adders
  4 adder zombies
  An adder skeleton (D:5)
  3 worms
  3 dart slugs
  4 leopard geckos
  29 orcs
  2 ball pythons
  2 bats
  5 giant cockroaches
  3 goblins
  5 hobgoblins
  4 jackals (D:5)
  3 kobolds
  3 quokkas
  A ball python skeleton (D:4)
  5 frilled lizards
  3 gnoll zombies (Ossuary)
  3 hobgoblin zombies (Ossuary)
  A jackal skeleton (D:7)
  3 kobold zombies (Ossuary)
  A leopard gecko skeleton (D:6)
  9 orc zombies (Ossuary)
  7 rats
184 creatures vanquished.

Notes
Turn   | Place    | Note
-------+----------+-------------------------------------------
     0 | D:1      | OddJob the Troll Venom Mage began the quest for the Orb.
     0 | D:1      | Reached XP level 1. HP: 16/16 MP: 1/1
   289 | D:1      | Reached XP level 2. HP: 24/24 MP: 2/2
   293 | D:1      | Learned a level 2 spell: Poisonous Vapours
   515 | D:2      | Found a stormy altar of Qazlal.
   528 | D:2      | Noticed a crimson imp
   651 | D:2      | Killed a crimson imp
   651 | D:2      | Reached skill level 1 in Unarmed Combat
   651 | D:2      | Reached XP level 3. HP: 31/31 MP: 0/4
   731 | D:2      | Found an iron altar of Okawaru.
  1079 | D:2      | Reached XP level 4. HP: 39/39 MP: 5/5
  1288 | D:3      | Reached skill level 2 in Unarmed Combat
  1460 | D:3      | Found a faded altar of an unknown god.
  1578 | D:3      | Reached skill level 1 in Air Magic
  1690 | D:3      | Reached XP level 5. HP: 46/46 MP: 6/6
  1891 | D:4      | Found a sand-covered staircase.
  1928 | D:4      | Found a staircase to the Ecumenical Temple.
  1951 | D:4      | Reached skill level 3 in Unarmed Combat
  1959 | D:4      | Reached skill level 4 in Unarmed Combat
  2026 | Temple   | Entered the Ecumenical Temple
  2107 | Ossuary  | Entered an ossuary
  2151 | Ossuary  | Reached XP level 6. HP: 52/54 MP: 7/7
  2168 | Ossuary  | Reached skill level 1 in Fighting
  2286 | Ossuary  | Reached skill level 5 in Unarmed Combat
  2469 | Ossuary  | Reached XP level 7. HP: 57/62 MP: 8/8
  2490 | Ossuary  | Reached skill level 6 in Unarmed Combat
  2600 | D:4      | Found a radiant altar of Vehumet.
  2609 | D:4      | Found a white marble altar of Elyvilon.
  2618 | D:4      | Became a worshipper of Elyvilon the Healer
  2935 | D:5      | Entered Level 5 of the Dungeon
  3021 | D:5      | Reached * piety under Elyvilon
  3434 | D:5      | Found Minofet's Food Shoppe.
  3515 | D:5      | Reached skill level 7 in Unarmed Combat
  3797 | D:5      | Found a runed door.
  4213 | D:5      | Noticed Crazy Yiuf
  4238 | D:5      | Killed Crazy Yiuf
  4353 | D:6      | Reached XP level 8. HP: 68/70 MP: 8/10
  4565 | D:6      | Found a shattered altar of Ashenzari.
  4594 | D:6      | Reached skill level 8 in Unarmed Combat
  4692 | D:6      | Reached ** piety under Elyvilon
  4947 | D:6      | Reached XP level 9. HP: 72/79 MP: 12/12
  5213 | D:7      | Noticed Joseph
  5295 | D:7      | Found an ornate altar of the Wu Jian Council.
  5328 | D:7      | Reached *** piety under Elyvilon
  5353 | D:7      | Reached skill level 9 in Unarmed Combat
  6406 | D:7      | Killed Joseph
  6602 | D:7      | Found a shimmering altar of Xom.
  6876 | D:8      | Reached skill level 10 in Unarmed Combat
  6981 | D:8      | Found a bloodstained altar of Trog.
  6982 | D:8      | Found a sparkling altar of Nemelex Xobeh.
  7001 | D:8      | Reached XP level 10. HP: 62/89 MP: 14/14
  7027 | D:8      | Reached skill level 5 in Poison Magic
  7100 | D:8      | Found a flagged portal.
  7142 | Bailey   | Entered a bailey
  7147 | Bailey   | Reached **** piety under Elyvilon
  7175 | Bailey   | HP: 2/91 [orc/+0 trident (3)]
  7175 | Bailey   | Slain by an orc

Vault maps used:
D:1:      ncdulo_smallfort
D:2:      okawaru_trees_2, nicolae_qazlal_general_emergency
D:3:      chequers_ecumenical_altar_grove
D:4:      vehumet_statue, elyvilon_altar_4, minmay_temple_entry_junction,
          nicolae_ossuary_entry_ruins
D:5:      serial_shops, shop_fountains, first_ration, kennysheep_boxes,
          uniq_crazy_yiuf_cottage
D:6:      ashenzari_altar_1, minmay_misc_feat_ornament
D:7:      lemuel_coloured_pillars_altar, old_standard_altar, uniq_joseph
D:8:      grunt_temple_overflow_open, enter_bailey_2
Temple:   kb_temple_of_zot
Ossuary:  ossuary_tomb_2
Bailey:   bailey_polearm_5, bailey

Skill      XL: |  1  2  3  4  5  6  7  8  9 10 |
---------------+-------------------------------+-----
Unarmed Combat | 1 2 4 5 7 8 10 | 10.7
Poison Magic   | 3 4 5 |  5.1
Air Magic      | 1 2 3 |  3.0
Fighting       | 1 2 3 |  3.0
Spellcasting   | 2 3 |  3.8
Throwing       | |  0.2
Dodging        | |  1.5
Stealth        | |  1.0
Conjurations   | |  0.6

Action                   |  1- 3 |  4- 6 |  7- 9 | 10-12 || total
-------------------------+-------+-------+-------+-------++-------
Melee: Unarmed           |   134 |   177 |   376 |    49 ||   736
       Punch             |       |     2 |    11 |     3 ||    16
Throw: Javelin           |       |       |     9 |       ||     9
       Tomahawk          |       |       |     3 |       ||     3
 Cast: Sting             |     1 |       |       |       ||     1
       Poisonous Vapours |       |     2 |     9 |       ||    11
  Use: Scroll            |       |     6 |     2 |     5 ||    13
       Potion            |       |       |       |     3 ||     3
 Stab: Sleeping          |     1 |     6 |     9 |       ||    16
  Eat: Chunk             |    12 |    14 |    48 |     1 ||    75
Armor: Robe              |    55 |    29 |    93 |    15 ||   192
Dodge: Dodged            |    55 |    71 |   134 |    48 ||   308

Table legend:
 A = Non-vault XP
 B = Vault XP
 C = Vault XP percentage of total XP
 D = Non-vault monster count
 E = Vault monster count
 F = Vault count percentage of total count
                 A         B        C        D         E       F
            +---------+---------+-------+---------+---------+-------
      Total |    5466 |    1262 |  18.8 |     146 |      38 |  20.7
            +---------+---------+-------+---------+---------+-------
        D:1 |      16 |       0 |   0.0 |       9 |       0 |   0.0
        D:2 |      98 |       0 |   0.0 |      17 |       0 |   0.0
        D:3 |      90 |       0 |   0.0 |      18 |       0 |   0.0
        D:4 |     200 |       0 |   0.0 |      12 |       0 |   0.0
        D:5 |     449 |      42 |   8.6 |      11 |       1 |   8.3
        D:6 |    1482 |       0 |   0.0 |      33 |       0 |   0.0
        D:7 |    1234 |     475 |  27.8 |      29 |       1 |   3.3
        D:8 |    1897 |       0 |   0.0 |      17 |       0 |   0.0
    Ossuary |       0 |     467 | 100.0 |       0 |      30 | 100.0
     Bailey |       0 |     278 | 100.0 |       0 |       6 | 100.0
            +---------+---------+-------+---------+---------+-------
